 Dungeon Crawl Stone Soup version 0.28-a0-2-g643f2454ad (webtiles) character file.

Game seed: 4408656540713707931

7440 quinnr the Stormcaller (level 11, 0/63 HPs)
             Began as a Tengu Air Elementalist on July 22, 2021.
             Was a Believer of Vehumet.
             Slain by a blink frog (13 damage)
             ... on level 1 of the Lair of Beasts.
             The game lasted 00:28:16 (15217 turns).

quinnr the Stormcaller (Tengu Air Elementalist)    Turns: 15217, Time: 00:28:16

Health: 0/63       AC:  5    Str: 11    XL:     11   Next: 15%
Magic:  9/30       EV: 15    Int: 18    God:    Vehumet [**....]
Gold:   21         SH:  0    Dex: 17    Spells: 11/22 levels left

rFire   + . .      SeeInvis .   B - staff of fire
rCold   . . .      Faith    .   (no shield)
rNeg    . . .      Spirit   .   C - +1 robe {Will+}
rPois   +          Reflect  .   (helmet restricted)
rElec   .          Harm     .   (no cloak)
rCorr   .          Rampage  .   i - +1 pair of gloves
Will    +....                   (boots unavailable)
Stlth   +++.......              e - amulet "Ihueg" {RegenMP Str+2 Dex+2}
HPRegen 0.20/turn               b - ring of magical power
MPRegen 0.47/turn               y - ring of poison resistance

@: flying quickly and evasively, quick
A: beak, talons 3, nimble flight
a: Renounce Religion


You were on level 1 of the Lair of Beasts.
You worshipped Vehumet.
Vehumet was pleased with you.
You visited 3 branches of the dungeon, and saw 13 of its levels.
You also visited: Bailey.

You collected 561 gold pieces.
You spent 540 gold pieces at shops.

Inventory:

Hand Weapons
 z - the +5 hunting sling "Ogreslayer" {speed, Str+2}
   (You found it on level 5 of the Dungeon)

   Attacks with this weapon are significantly faster.
   Str:       It affects your strength (+2).
 A - a +2 whip of venom
Missiles
 k - 2 atropa-tipped darts
 l - 5 silver javelins
 t - 3 curare-tipped darts
 w - 3 throwing nets
Armour
 a - a +0 robe
 i - a +1 pair of gloves (worn)
 C - a +1 robe of willpower (worn)
 E - a +0 pair of gloves
Magical Staves
 B - a staff of fire (weapon)
Jewellery
 b - a ring of magical power (left hand)
 c - a ring of ice
 e - the amulet "Ihueg" (around neck) {RegenMP Str+2 Dex+2}
   (You took it off an orc warrior in a bailey)

   [amulet of magic regeneration]

   It increases your rate of magic regeneration.
   Str:       It affects your strength (+2).
   Dex:       It affects your dexterity (+2).
 y - a ring of poison resistance (right hand)
Wands
 f - a wand of iceblast (8)
 g - a wand of flame (19)
 m - a wand of charming (7)
 q - a wand of acid (2)
 F - a wand of polymorph (17)
Scrolls
 d - a scroll of brand weapon {unknown}
 j - a scroll of blinking
 n - 2 scrolls of enchant weapon {unknown}
 o - 4 scrolls of teleportation {unknown}
 r - a scroll of holy word {unknown}
 D - 2 scrolls of amnesia
 H - a scroll of vulnerability
 I - a scroll of silence {unknown}
Potions
 h - 3 potions of curing
 p - a potion of haste
 s - a potion of cancellation
 u - a potion of heal wounds
 v - 3 potions of flight
 x - 2 potions of mutation
 G - a potion of might
 J - a potion of magic {unknown}


   Skills:
 - Level 5.0 Fighting
 - Level 2.1 Dodging
 - Level 5.0 Stealth
 + Level 6.3 Spellcasting
 + Level 2.2 Conjurations
 + Level 16.2 Air Magic
 - Level 5.0 Evocations


You had 11 spell levels left.
You knew the following spells:

 Your Spells              Type           Power      Damage    Failure   Level
a - Shock                 Conj/Air       100%       1d9       1%          1
b - Airstrike             Air            29%        N/A       1%          4
c - Conjure Ball Lightni  Conj/Air       19%        3x3d6     38%         6

Your spell library contained the following spells:

 Spells                   Type           Power      Damage    Failure   Level
 Sandblast                Erth           10%        2d5       12%         1
 Static Discharge         Conj/Air       38%        N/A       1%          2
 Swiftness                Air            59%        N/A       1%          3
 Animate Skeleton         Necr           10%        N/A       12%         1
 Apportation              Tloc           10%        N/A       12%         1
 Corona                   Hex            5%         N/A       12%         1
 Summon Small Mammal      Summ           20%        N/A       12%         1
 Conjure Flame            Conj/Fire      14%        6-21      22%         3
 Ignite Poison            Fire/Tmut/Pois 8%         N/A       34%         3
 Sticky Flame             Conj/Fire      14%        2d4       58%         4
 Iskenderun's Battlesphe  Conj           13%        2d7       78%         5
 Fireball                 Conj/Fire      7%         3d5       90%         5
 Orb of Destruction       Conj           6%         9d3       100%        7


Dungeon Overview and Level Annotations

Branches:
Dungeon (11/15)            Temple (1/1) D:7            Lair (1/6) D:9
 Bailey (visited)
    Orc: D:9-12

Altars:
Fedhas
Gozag
Kikubaaqudgha
Nemelex Xobeh
Okawaru
Qazlal
Ru
Sif Muna
Trog
Uskayaw
Vehumet
Wu Jian
Xom
Zin

Shops:
D:3 (   D:10 :

Annotations:
D:8 2 transporters, Laraso's ghost, novice HOFi
D:10 Nergalle


Innate Abilities, Weirdness & Mutations

You have a beak for a mouth.
You have claws for feet.
Your magical nature lets you fly swiftly and evasively.


Message History

The blink frog is almost dead.
The blink frog blinks!
The blink frog closely misses you. The blink frog misses you.
Casting: Airstrike (safe; 1% risk of failure)
Confirm with . or Enter, or press ? or * to list all spells.
Aiming: Airstrike (safe; 1% risk of failure)
Press: ? - help, Dir - move target, f/p - blink frog
Aim: a blink frog (almost dead)
The air twists around and strikes the blink frog!!
You kill the blink frog!
Vehumet accepts your kill.
You feel your power returning. The blink frog hits you!
Your Conjurations skill increases to level 2!
The zap hits the blink frog.
The blink frog is lightly wounded.
The blink frog hits you!
You miss the blink frog. Your peck misses the blink frog.
The blink frog is lightly wounded.
The blink frog hits you!
* * * LOW HITPOINT WARNING * * *
The blink frog blinks!
Unknown command.
Casting: Shock (safe; 1% risk of failure)
Confirm with . or Enter, or press ? or * to list all spells.
Aiming: Airstrike (safe; 1% risk of failure)
Press: ? - help, Dir - move target, f/p - blink frog
Aim: a blink frog (lightly wounded)
The air twists around and strikes the blink frog!
The blink frog is severely wounded.
The blink frog blinks!
Unknown command.
Casting: Airstrike (safe; 1% risk of failure)
Confirm with . or Enter, or press ? or * to list all spells.
Aiming: Airstrike (safe; 1% risk of failure)
Press: ? - help, Dir - move target, f - blink frog
Aim: a blink frog The air twists around and strikes the blink frog!
The blink frog is heavily wounded.
The blink frog hits you!
You die...

#..<....... .......
#..##...8.. #......F.
#.#........ #........
##..(.....## .........
##..8..##.#.# #........
#............##..§.(....
#..............#........
'.8.8.8..8...#.†F.......
#............+.#@.......
#.......... #.####.###P
##..8..#.#####.# #
##......#.##..#
#.#........#.##
####...8...+.#
##........# #.#.......#
#####...###


You could see 2 blink frogs.

Vanquished Creatures
  3 orc knights (Bailey)
  An elephant (D:9)
  A kobold demonologist (D:9)
  3 trolls
  2 blink frogs (Lair:1)
  Sigmund (D:3)
  A yak (D:9)
  A wraith (D:6)
  A basilisk (D:9)
  An acid dragon (D:10)
  2 water moccasins (D:9)
  4 orc warriors (Bailey)
  A sky beast (D:6)
  A black bear (D:9)
  3 necrophages
  2 centaurs
  2 phantoms (D:5)
  4 kobold brigands
  4 bullfrogs
  5 scorpions
  12 killer bees
  2 centaur zombies
  4 bullfrog skeletons
  2 orc priests (D:7)
  4 hounds
  A centaur skeleton (D:5)
  2 gnoll shamans
  3 jellies (D:6)
  3 iguanas
  2 orc wizards
  Natasha (thrice) (D:3)
  A hound skeleton (D:5)
  A howler monkey zombie (D:9)
  Robin (D:3)
  5 gnolls (D:4)
  6 adders
  A howler monkey skeleton (D:7)
  3 white imps
  An ufetubus (D:6)
  An adder skeleton (D:4)
  A dart slug (D:5)
  36 orcs
  5 endoplasms
  16 goblins
  19 hobgoblins
  5 jackals
  2 quokkas
  6 ball pythons
  12 bats
  4 frilled lizards
  29 kobolds
  4 rats
240 creatures vanquished.

Vanquished Creatures (others)
  A plant (D:5)
1 creature vanquished.

Grand Total: 241 creatures vanquished

Notes
Turn   | Place    | Note
-------+----------+-------------------------------------------
     0 | D:1      | quinnr the Tengu Air Elementalist began the quest for the
                  | Orb.
     0 | D:1      | Reached XP level 1. HP: 10/10 MP: 4/4
    96 | D:1      | Reached XP level 2. HP: 15/15 MP: 1/6
   704 | D:1      | Reached XP level 3. HP: 19/19 MP: 3/7
  1213 | D:2      | Reached skill level 5 in Air Magic
  1609 | D:2      | Found a faded altar of an unknown god.
  2073 | D:3      | Found Ruecza's Antique Weapon Boutique.
  2257 | D:3      | Noticed Robin
  2267 | D:3      | Reached XP level 4. HP: 24/24 MP: 6/9
  2273 | D:3      | Killed Robin
  2584 | D:3      | Noticed Natasha
  2586 | D:3      | Killed Natasha
  2768 | D:3      | Noticed a centaur
  2774 | D:3      | Noticed Natasha
  2779 | D:3      | Killed a centaur
  2780 | D:3      | Reached skill level 6 in Air Magic
  2780 | D:3      | Gained mutation: Your magical nature lets you fly swiftly
                  | and evasively. [Tengu growth]
  2780 | D:3      | Reached XP level 5. HP: 8/28 MP: 6/11
  3108 | D:3      | Killed Natasha
  3114 | D:3      | Learned a level 4 spell: Airstrike
  3152 | D:3      | Noticed Natasha
  3255 | D:3      | Killed Natasha
  3256 | D:3      | Reached skill level 7 in Air Magic
  3256 | D:3      | Reached XP level 6. HP: 27/32 MP: 9/13
  3545 | D:3      | Noticed Sigmund
  3939 | D:3      | Found an opulent altar of Gozag.
  4517 | D:4      | Reached skill level 1 in Fighting
  5310 | D:5      | Entered Level 5 of the Dungeon
  5313 | D:5      | Reached skill level 8 in Air Magic
  5456 | D:4      | Reached XP level 7. HP: 21/40 MP: 7/14
  5728 | D:5      | Reached skill level 9 in Air Magic
  6125 | D:5      | Identified the +5 hunting sling "Ogreslayer" {speed, Str+2}
  6300 | D:5      | Reached skill level 10 in Air Magic
  6521 | D:5      | Reached XP level 8. HP: 44/44 MP: 12/15
  6713 | D:5      | Reached skill level 11 in Air Magic
  7174 | D:6      | Reached skill level 12 in Air Magic
  7512 | D:7      | Found a staircase to the Ecumenical Temple.
  7521 | Temple   | Entered the Ecumenical Temple
  7620 | Temple   | Became a worshipper of Vehumet
  7926 | D:7      | Reached skill level 13 in Air Magic
  8322 | D:7      | Reached XP level 9. HP: 48/48 MP: 16/16
  8969 | D:6      | Reached skill level 14 in Air Magic
  9045 | D:6      | Reached * piety under Vehumet
  9045 | D:6      | Offered knowledge of Freeze by Vehumet.
  9784 | D:3      | Found Ruecza's Antique Weapon Boutique.
  9942 | D:3      | Killed Sigmund
 10241 | D:8      | Reached skill level 15 in Air Magic
 10329 | D:8      | You are sucked into a shaft and drop 3 floors!
 10329 | D:11     | Noticed a troll
 10329 | D:11     | Noticed a troll
 10338 | D:11     | Killed a troll
 10341 | D:11     | Killed a troll
 10342 | D:11     | Reached skill level 1 in Evocations
 10573 | D:10     | Entered Level 10 of the Dungeon
 10608 | D:10     | Found a flagged portal.
 10772 | Bailey   | Entered a bailey
 11105 | Bailey   | Noticed an orc knight
 11105 | Bailey   | Noticed an orc knight
 11231 | Bailey   | Reached XP level 10. HP: 56/56 MP: 16/17
 11409 | Bailey   | Killed an orc knight
 11482 | Bailey   | Identified the amulet "Ihueg" {RegenMP Str+2 Dex+2}
 11499 | Bailey   | Noticed an orc knight
 11529 | Bailey   | Killed an orc knight
 11530 | Bailey   | Reached skill level 5 in Spellcasting
 11763 | Bailey   | Killed an orc knight
 12033 | D:9      | Found a sparkling altar of Nemelex Xobeh.
 12081 | D:9      | Noticed a kobold demonologist
 12086 | D:9      | Noticed a rust devil
 12086 | D:9      | Killed a kobold demonologist
 12155 | D:9      | Found a staircase to the Lair.
 12155 | D:9      | Noticed an elephant
 12419 | D:9      | Killed an elephant
 12420 | D:9      | Reached skill level 5 in Stealth
 12677 | D:8      | Noticed Laraso's ghost (novice HOFi)
 12681 | D:8      | Identified the +2 great mace "Peziet" {vorpal, Contam rPois
                  | rN++ Dex+3}
 12690 | D:8      | Found a transporter.
 12829 | D:8      | Offered knowledge of Sandblast by Vehumet.
 12834 | D:8      | Reached ** piety under Vehumet
 13483 | D:8      | Found a transporter.
 14009 | D:9      | Reached skill level 5 in Fighting
 14236 | D:9      | Reached XP level 11. HP: 55/63 MP: 16/20
 14422 | D:9      | Reached skill level 16 in Air Magic
 14917 | D:10     | Found Uppac's Book Shoppe.
 14920 | D:10     | Bought a book of the Spheres for 540 gold pieces
 14927 | D:10     | Learned a level 6 spell: Conjure Ball Lightning
 14968 | D:10     | Noticed Nergalle
 15170 | Lair:1   | Entered Level 1 of the Lair of Beasts
 15210 | Lair:1   | Reached skill level 5 in Evocations
 15217 | Lair:1   | Slain by a blink frog

Illustrated notes

Levels and vault maps discovered:
D:1:      dpeg_arrival_leaves_temple_mockup, layout_basic, minmay_cupped
D:2:      layout_basic, dreamdust_ecumenical_altar_statues
D:3:      layout_basic, nicolae_gozag_cash_rules_everything_around_me,
          serial_shops, shop, uniq_natasha, uniq_sigmund, uniq_robin
D:4:      layout_loops_ring, hangedman_abyss_or_decor_lesser_grid
D:5:      corexii_shack_village, layout_cave_pools
D:6:      layout_rooms, minmay_statues_item, corexii_checkpoint_b
D:7:      layout_loops_corners, minmay_temple_entry_junction_2, st_stairs_5,
          roderic_batcave
D:8:      layout_basic, gammafunk_ghost_smash, nicolae_sextant
D:9:      layout_stronghold, nemelex_xobeh_ov_fountains_minmay,
          david_lair_generic
D:10:     layout_basic, minmay_overflow_temple_star_hex, serial_shops,
          kennysheep_mini_moat, enter_bailey_4, gammafunk_ghost_nasty_kobolds,
          uniq_erolcha, uniq_nergalle, uniq_fannar
D:11:     layout_rooms
Temple:   regret_index_temple_generic_petals
Lair:1:   layout_roguey, gauntlet_entry_generic, grunt_megastairs_3,
          uniq_joseph, uniq_harold

Skill      XL: |  1  2  3  4  5  6  7  8  9 10 11 |
---------------+----------------------------------+-----
Air Magic      | 5 6 7 8 10 13 15 16 | 16.2
Spellcasting   | 3 4 5 6 |  6.3
Fighting       | 2 3 5 |  5.0
Evocations     | 2 4 5 |  5.0
Stealth        | 3 5 |  5.0
Conjurations   | 2 |  2.2
Dodging        | |  2.1

Action                   |  1- 3 |  4- 6 |  7- 9 | 10-12 || total
-------------------------+-------+-------+-------+-------++-------
Melee: Unarmed           |     6 |       |       |       ||     6
       Kick              |     4 |    10 |    10 |     2 ||    26
       Peck              |     1 |     1 |     5 |       ||     7
       Whip              |     5 |    22 |    41 |     1 ||    69
       Staff             |       |       |       |     6 ||     6
 Cast: Shock             |    72 |    95 |   263 |    83 ||   513
       Airstrike         |       |     4 |    49 |    69 ||   122
Evoke: Wand              |       |       |       |     3 ||     3
  Use: Potion            |       |       |     4 |       ||     4
       Scroll            |       |       |    12 |     2 ||    14
Armor: Robe              |     4 |    28 |    22 |     5 ||    59
       Skin              |       |       |    30 |       ||    30
Dodge: Dodged            |     9 |    66 |    91 |    34 ||   200

Table legend: (Time is in decaauts)
 A = Elapsed time spent in this place.
 B = Non-inter-level travel time spent in this place.
 C = Inter-level travel time spent in this place.
 D = Time resting spent in this place.
 E = Time spent auto-exploring this place.
 F = Levels seen in this place.
 G = Mean time per level.
                   A        B        C        D        E       F      G
               +--------+--------+--------+--------+--------+-----+--------+
         Total |  14643 |  14013 |    630 |   3007 |   9366 |  14 | 1045.9 |
       Dungeon |  13254 |  12654 |    600 |   2482 |   8805 |  11 | 1204.9 |
        Temple |    176 |    147 |     29 |      0 |    143 |   1 |  176.0 |
          Lair |     43 |     43 |      0 |      0 |      0 |   1 |   43.0 |
        Bailey |   1168 |   1168 |      0 |    525 |    416 |   1 | 1168.0 |
               +--------+--------+--------+--------+--------+-----+--------+

Top non-repeatable levels by time:
     D:9: 2001 daAuts
     D:3: 1835 daAuts
     D:4: 1723 daAuts
     D:2: 1438 daAuts
     D:7: 1377 daAuts
     D:5: 1239 daAuts
  Bailey: 1168 daAuts
     D:1: 1114 daAuts
     D:8: 1033 daAuts
     D:6: 884 daAuts
    D:10: 363 daAuts
    D:11: 241 daAuts
  Temple: 176 daAuts
  Lair:1: 43 daAuts
